 Dungeon Crawl Stone Soup version 0.30-b1-2-g02819fbbbe (webtiles) character file.

Game seed: 15454704250113838457

33 Flugkiller the Magician (level 3, 0/26 HPs)
             Began as a Mummy Summoner on May 20, 2023.
             Killed from afar by a dart slug (2 damage)
             ... with a slug dart
             ... on level 2 of the Dungeon.
             The game lasted 00:02:40 (579 turns).

Flugkiller the Magician (Mummy Summoner)             Turns: 579, Time: 00:02:41

Health: 0/26       AC:  3    Str: 11    XL:     3   Next: 12%
Magic:  6/8        EV: 12    Int: 16    God:
Gold:   99         SH:  0    Dex: 12    Spells: 3/9 levels left

rFire   x . .        d - +0 falchion
rCold   + . .        (no shield)
rNeg    + + +        a - +0 robe
rPois   ∞            (no helmet)
rElec   .            (no cloak)
rCorr   .            (no gloves)
SInv    .            e - +0 pair of boots
Will    .....        (no amulet)
Stlth   ++           (no ring)
HPRegen 0.24/turn    (no ring)
MPRegen 0.11/turn

%: faith
@: no status effects
A: cold resistance 1, negative energy resistance 3, torment resistance 2, heat
vulnerability 1, in touch with death 1, no potions, faith
a: no special abilities


You were on level 2 of the Dungeon.
You visited 1 branch of the dungeon, and saw 2 of its levels.

You collected 99 gold pieces.

Inventory:

Hand Weapons
 b - a +0 dagger
   (You took it off a kobold on level 1 of the Dungeon)
 c - a +0 sling
   (You found it on level 1 of the Dungeon)
 d - a +0 falchion (weapon)
   (You found it on level 1 of the Dungeon)
Armour
 a - a +0 robe (worn)
 e - a +0 pair of boots (worn)
   (You found it on level 1 of the Dungeon)


   Skills:
 - Level 1.0 Fighting
 - Level 1.5 Dodging
 - Level 1.5 Stealth
 * Level 3.8 Spellcasting
 + Level 3.5 Summonings


You had 3 spell levels left.
You knew the following spells:

 Your Spells              Type           Power      Damage    Failure   Level
a - Summon Small Mammal   Summ           56%        N/A       4%          1
b - Call Imp              Summ           28%        N/A       6%          2
c - Call Canine Familiar  Summ           14%        N/A       12%         3

Your spell library contained the following spells:

 Spells                   Type           Power      Damage    Failure   Level
 Summon Guardian Golem    Hex/Summ       8%         N/A       26%         3
 Summon Lightning Spire   Summ/Air       8%         N/A       63%         4
 Malign Gateway           Summ/Tloc      4%         N/A       100%        7
 Summon Horrible Things   Summ           7%         N/A       100%        8


Dungeon Overview and Level Annotations

Branches:
Dungeon (2/15) Zot: 11414

Altars:


Innate Abilities, Weirdness & Mutations

You are immune to poison.
Your flesh is cold resistant. (rC+)
You are immune to negative energy. (rN+++)
You are immune to unholy pain and torment.
You are vulnerable to heat. (rF-)
You are in touch with the powers of death.
You do not drink.
You have a special connection with the divine. (Faith)


Message History

Confirm with . or Enter, or press ? or * to list all spells.
Your rat disappears in a puff of smoke!
Your rat bites the worm.
The worm bites you.
You hit the worm.
The worm is heavily wounded.
Your rat completely misses the worm.
You slash the worm!
The worm is almost dead.
The worm bites you but does no damage.
Your rat bites the worm.
Your quokka bites the worm.
The worm dies!
You have reached level 3!
Your experience leads to an increase in your attributes!
Increase (S)trength, (I)ntelligence, or (D)exterity?
You feel clever. x2
You feel more in touch with the powers of death.
Okay, then.
This spell is quite dangerous to cast!
Memorise Call Canine Familiar, consuming 3 spell levels and leaving 5?
You start memorising the spell.
You continue memorising. x3
You finish memorising.
Spell assigned to 'b'.
You open the door. As you open the door, it creaks loudly!
There is an open door here.
HP restored.
You open the door.
Found a plate armour.
There is an open door here.
An endoplasm comes into view.
A goblin comes into view. It is wielding a +0 dagger.
You swap places.
Your rat disappears in a puff of smoke!
Your quokka barely misses the endoplasm.
Casting: Summon Small Mammal (safe; 4% risk of failure)
Confirm with . or Enter, or press ? or * to list all spells.
Your quokka bites the endoplasm.
Your quokka bites the endoplasm.
Your bat hits the endoplasm.
The endoplasm dies!
Your quokka closely misses the goblin.
Your quokka barely misses the goblin.
Your bat closely misses the goblin. x2
Casting: Summon Small Mammal (safe; 4% risk of failure)
Confirm with . or Enter, or press ? or * to list all spells.
Your quokka disappears in a puff of smoke!
Your bat closely misses the goblin.
The goblin hits you but does no damage.
You miss the goblin. Your bat hits the goblin. The goblin misses you.
You hit the goblin.
The goblin is heavily wounded.
Your bat hits the goblin. Your bat misses the goblin.
The goblin closely misses your bat.
Your quokka closely misses the goblin.
You hit the goblin.
You kill the goblin!
You see here a +0 dagger.
Memorise Call Imp, consuming 2 spell levels and leaving 3?
You start memorising the spell.
You continue memorising. x2
You finish memorising.
Spell assigned to 'c'.
Adjust (i)tems, (s)pells, or (a)bilities?
Adjust which spell? b - Call Canine Familiar Adjust to which letter? c - Call Canine Familiar; b - Call Imp Unknown command.
A hobgoblin comes into view. It is wielding a +0 mace.
The hobgoblin shouts!
You hear an angry hiss.
A ball python comes into view.
Casting: Summon Small Mammal (safe; 4% risk of failure)
Confirm with . or Enter, or press ? or * to list all spells.
A tiny devil pulls itself out of the air.
Your bat barely misses the ball python.
A dart slug comes into view.
Your bat barely misses the ball python.
The hobgoblin closely misses your cerulean imp.
Your cerulean imp hits the hobgoblin but does no damage.
You swap places.
Found a sling.
Found a faded altar of an unknown god.
Your bat hits the ball python. The ball python closely misses you. x2
The hobgoblin barely misses you.
Your quokka bites the ball python.
The ball python dies!
Your cerulean imp hits the hobgoblin but does no damage.
You barely miss the hobgoblin. Your bat hits the hobgoblin.
The dart slug launches a dart at you. The slug dart misses you.
The hobgoblin hits you with a +0 mace!
Your cerulean imp barely misses the hobgoblin.
You barely miss the hobgoblin.
The hobgoblin is lightly wounded.
Your bat hits the hobgoblin but does no damage.
Your quokka closely misses the hobgoblin.
The hobgoblin hits you with a +0 mace!
* * * LOW HITPOINT WARNING * * *
The dart slug launches a dart at you. The slug dart hits you.
* * * LOW HITPOINT WARNING * * *
Your cerulean imp closely misses the hobgoblin.
Your quokka bites the hobgoblin.
You swap places.
Your bat hits the hobgoblin but does no damage.
The hobgoblin misses your cerulean imp.
Your cerulean imp hits the hobgoblin but does no damage.
The dart slug launches a dart at you. The slug dart hits you.
You die...

#### #.# # #.######. #
##........ #
#########......... #
#......##......... #
#......##.........
######......##..g......
#...........#..5rb.....
#...........#.@........
###.....).....#..........
..'...[.....###.......w.#
###......##.###.########_
.........##.....# #
.............####
.............#
.............#
.............#


You could see a dart slug, a hobgoblin (distracted, ally target), a friendly
cerulean imp (summoned), a friendly quokka (summoned) and a friendly bat
(summoned).

Vanquished Creatures
  A worm (D:2)
  A ball python (D:2)
  2 endoplasms (D:1)
  5 goblins
  2 hobgoblins
  A quokka (D:1)
  A bat (D:1)
  A kobold (D:1)
14 creatures vanquished.

Vanquished Creatures (collateral kills)
  A worm (D:2)
  An endoplasm (D:2)
  2 giant cockroaches (D:1)
  A goblin (D:1)
  A ball python (D:2)
  2 bats (D:1)
  2 kobolds (D:1)
  A rat (D:1)
11 creatures vanquished.

Vanquished Creatures (others)
  A plant (D:1)
1 creature vanquished.

Grand Total: 26 creatures vanquished

Notes
Turn   | Place    | Note
-------+----------+-------------------------------------------
     0 | D:1      | Flugkiller the Mummy Summoner began the quest for the Orb.
     0 | D:1      | Reached XP level 1. HP: 13/13 MP: 4/4
   136 | D:1      | Reached XP level 2. HP: 20/20 MP: 6/6
   480 | D:2      | Reached skill level 1 in Fighting
   523 | D:2      | Gained mutation: You are in touch with the powers of death.
                  | [Mummy growth]
   523 | D:2      | Reached XP level 3. HP: 21/26 MP: 4/8
   527 | D:2      | Learned a level 3 spell: Call Canine Familiar
   564 | D:2      | Learned a level 2 spell: Call Imp
   576 | D:2      | Found a faded altar of an unknown god.
   579 | D:2      | Killed from afar by a dart slug

Illustrated notes

Levels and vault maps discovered:
D:1:      amcnicky_arrival_double_pillar, layout_basic, serial_forest,
          infiniplex_forest_clump_double, infiniplex_forest_clump_curved,
          infiniplex_forest_end_double, infiniplex_forest_clump_small,
          infiniplex_forest_clump_tiny, infiniplex_forest_lined_ring
D:2:      layout_basic, ebering_ecumenical_altar_rust

Skill      XL: |  1  2 |
---------------+-------+-----
Spellcasting   | 3 |  3.8
Fighting       | 1 |  1.0
Dodging        | |  1.5
Stealth        | |  1.5
Summonings     | |  3.5

Action                     || total
---------------------------++-------
  Melee: Dagger            ||    30
         Unarmed           ||     6
         Falchion          ||    22
   Cast: Summon Small Mamm ||    30
         Call Imp          ||     1
   Stab: Distracted        ||     2
 Armour: Robe              ||    22
  Dodge: Dodged            ||    48
